 Dungeon Crawl Stone Soup version 0.27-a0-1232-gc6a4cbde82 (webtiles) character file.

Game seed: 12340935372910989462

232 mordus the Cudgeller (level 5, -1/53 HPs)
             Began as a Troll Monk on June 8, 2021.
             Slain by an orc
             ... wielding a +0 club
              (5 damage)
             ... on level 3 of the Dungeon.
             The game lasted 00:02:09 (1586 turns).

mordus the Cudgeller (Troll Monk)                   Turns: 1586, Time: 00:02:10

Health: -1/53      AC:  4    Str: 19    XL:     5   Next: 73%
Magic:  13/13      EV: 10    Int:  6    God:
Gold:   75         SH:  0    Dex: 13    Spells: 4/4 levels left

rFire    . . .     SeeInvis .   a - +0 mace
rCold    . . .     Faith    .   (no shield)
rNeg     . . .     Spirit   .   b - +0 robe
rPois    .         Reflect  .   (helmet restricted)
rElec    .         Harm     .   (no cloak)
rCorr    .         Rampage  .   (gloves unavailable)
Will     .....                  (boots unavailable)
Stlth    ++........             (no amulet)
HPRegen  1.17/turn              d - ring of magical power
MPRegen  0.13/turn              (no ring)

@: no status effects
A: large, unfitting armour, claws 3, regeneration 1, shaggy fur 1, tough skin 1
a: no special abilities


You were on level 3 of the Dungeon.
You visited 1 branch of the dungeon, and saw 3 of its levels.

You collected 75 gold pieces.

Inventory:

Hand Weapons
 a - a +0 mace (weapon)
Armour
 b - a +0 robe (worn)
Jewellery
 d - a ring of magical power (left claw)
 f - a ring of resist corrosion
Wands
 k - a wand of flame (10)
Scrolls
 c - 3 scrolls of identify {unknown}
 i - a scroll of acquirement {unknown}
Potions
 e - a potion of resistance {unknown}
 g - a potion of attraction {unknown}
 h - 2 potions of lignification {unknown}
 j - a potion of flight {unknown}


   Skills:
 + Level 3.6 Fighting
 * Level 5.1 Maces & Flails
 - Level 2.4 Dodging
 - Level 1.0 Stealth


You had 4 spell levels left.
You didn't know any spells.
Your spell library was empty.

Dungeon Overview and Level Annotations

Branches:
Dungeon (3/15)

Altars:

Shops:
D:2 ?


Innate Abilities, Weirdness & Mutations

You are too large for most types of armour.
You have claws for hands.
Your natural rate of healing is unusually fast.
You are covered in fur. (AC +1)
You have tough skin. (AC +1)


Message History

The orc priest is healed somewhat.
You hear a shout!
You hit the orc priest.
The orc priest is heavily wounded.
The orc priest hits you but does no damage.
The orc priest looks satisfied for a moment.
You hit the orc priest.
The orc priest is severely wounded.
The orc priest casts a cantrip, but nothing happens.
The orc priest invokes the aid of Beogh against you.
Beogh smites you!
* * * LOW HITPOINT WARNING * * *
You hear a shout!
You hit the orc priest.
The orc priest is almost dead.
The orc priest completely misses you.
You hit the orc priest.
You kill the orc priest!
The orc priest mumbles some strange prayers to Beogh against you.
Beogh smites you!
* * * LOW HITPOINT WARNING * * *
Your Maces & Flails skill increases to level 5!
An orc comes into view. It is wielding a +0 hand axe.
An orc comes into view. It is wielding a +0 club.
You hit the orc.
The orc is heavily wounded.
The orc barely misses you.
You closely miss the orc.
The orc is heavily wounded.
The orc priest hits you with a +0 war axe.
* * * LOW HITPOINT WARNING * * *
The orc barely misses you.
The orc priest begins to cast a cantrip, but forgets the words!
You barely miss the orc priest. The orc hits you but does no damage.
The orc priest hits you with a +0 war axe!
* * * LOW HITPOINT WARNING * * *
You sock the orc priest!
The orc priest is severely wounded.
The orc hits you with a +0 club.
You die...

..# ##.###..# .##
# ####.#.#.## .#
####.##.........#
...
............##..#
.###
####.##.###.##..#
.#
####.##.###.##..#
........o.oo....#
##.####.###o###.#
#.# #@# #.#
#.####o###o###.#
#........)#....#
##########.##.##
#.##.# #rh..#
#<.###
#######o.##
........o.#


You could see an orc priest and 3 orcs.

Vanquished Creatures
  2 orc priests
  Terence (D:2)
  2 orc wizards (D:2)
  A howler monkey zombie (D:3)
  2 adders
  A dart slug (D:3)
  7 orcs
  4 ball pythons
  6 endoplasms
  2 giant cockroaches
  2 goblins
  3 hobgoblins
  2 jackals (D:3)
  4 quokkas
  6 bats
  2 frilled lizards (D:1)
  3 kobolds
  5 rats
55 creatures vanquished.

Notes
Turn   | Place    | Note
-------+----------+-------------------------------------------
     0 | D:1      | mordus the Troll Monk began the quest for the Orb.
     0 | D:1      | Reached XP level 1. HP: 22/22 MP: 0/0
    92 | D:1      | Reached skill level 3 in Maces & Flails
   288 | D:1      | Reached XP level 2. HP: 29/29 MP: 1/1
   506 | D:1      | Found a faded altar of an unknown god.
   738 | D:2      | Found Ivong's Magic Scroll Emporium.
   780 | D:2      | Noticed Terence
   792 | D:2      | Killed Terence
   793 | D:2      | Reached XP level 3. HP: 34/36 MP: 2/2
   807 | D:2      | Reached skill level 4 in Maces & Flails
   807 | D:2      | Reached XP level 4. HP: 44/45 MP: 3/3
   825 | D:2      | Reached XP level 5. HP: 19/53 MP: 4/4
  1573 | D:3      | HP: 2/53 [orc priest/divine providence (8)]
  1574 | D:3      | Reached skill level 5 in Maces & Flails
  1585 | D:3      | HP: 2/53 [orc priest/+0 war axe (8)]
  1586 | D:3      | Slain by an orc

Illustrated notes

Levels and vault maps discovered:
D:1:      elethiomel_arrival_quiet, layout_basic, ebering_ecumenical_altar_webs
D:2:      cheibrodos_pilgrimage, layout_loops_ring, serial_shops, shop,
          glass_columns_a, minmay_3d_cube, uniq_terence
D:3:      layout_loops_ring, fedhas_altar_4

Skill      XL: |  1  2  3  4  5 |
---------------+----------------+-----
Maces & Flails | 3 4 5 |  5.1
Fighting       | 3 |  3.6
Dodging        | |  2.4
Stealth        | |  1.0

Action                   |  1- 3 |  4- 6 || total
-------------------------+-------+-------++-------
Melee: Mace              |    80 |   113 ||   193
 Stab: Sleeping          |     3 |     4 ||     7
Armor: Robe              |    34 |    24 ||    58
Dodge: Dodged            |    45 |    47 ||    92

Table legend: (Time is in decaauts)
 A = Elapsed time spent in this place.
 B = Non-inter-level travel time spent in this place.
 C = Inter-level travel time spent in this place.
 D = Time resting spent in this place.
 E = Time spent auto-exploring this place.
 F = Levels seen in this place.
 G = Mean time per level.
                   A        B        C        D        E       F      G
               +--------+--------+--------+--------+--------+-----+--------+
         Total |   1623 |   1564 |     59 |      0 |   1149 |   3 |  541.0 |
       Dungeon |   1623 |   1564 |     59 |      0 |   1149 |   3 |  541.0 |
               +--------+--------+--------+--------+--------+-----+--------+

Top non-repeatable levels by time:
     D:2: 770 daAuts
     D:1: 643 daAuts
     D:3: 209 daAuts
